 Dungeon Crawl Stone Soup version 0.20-a0-772-g73021bd (webtiles) character file.

967 Iskender the Spear-Bearer (level 8, 57/64 HPs)
             Began as a Barachian Wanderer on Feb 15, 2017.
             Was a Believer of Cheibriados.
             Quit the game on level 5 of the Dungeon on Feb 27, 2017.
             The game lasted 00:32:14 (6140 turns).

Iskender the Spear-Bearer (Barachian Wanderer)      Turns: 6140, Time: 00:32:15

Health: 57/64      AC: 10    Str: 12    XL:     8   Next: 15%
Magic:  9/9        EV: 11    Int: 17    God:    Cheibriados [**....]
Gold:   220        SH:  4    Dex: 18    Spells: 7/7 levels left

rFire    . . .     SeeInvis .   a - +2 spear
rCold    + . .     Gourm    +   R - +0 ring mail
rNeg     . . .     Faith    .   G - +0 buckler
rPois    .         Spirit   .   k - +0 helmet
rElec    .         Reflect  .   L - +2 cloak
rCorr    .         Harm     .   (no gloves)
MR       .....                  i - +0 pair of boots
Stlth    +.........             A - amulet of the gourmand
Regen    0.2/turn               o - +2 ring of intelligence
MPRegen  0.2/turn               O - ring of protection from cold

@: can't hop, very slow
A: +LOS, swims, slowness 1, strong legs 1
a: Hop, Bend Time, Renounce Religion


You were on level 5 of the Dungeon.
You worshipped Cheibriados.
Cheibriados was pleased with you.
You were not hungry.

You visited 2 branches of the dungeon, and saw 6 of its levels.

You collected 220 gold pieces.

Inventory:

Hand Weapons
 a - a +2 spear (weapon)
 b - a +0 mace
 d - a +0 whip of venom
 h - a +0 hunting sling
 x - a +0 quarterstaff
 y - a +0 hunting sling
 z - a cursed +0 trident
 I - a +0 hand axe
 J - a +0 hand axe
 N - a +4 shortbow
 Q - a +4 flail of protection
 T - a +0 scythe
Missiles
 l - 60 stones
 r - 15 sling bullets
 s - 8 tomahawks (quivered)
 u - 16 poisoned needles
 F - 14 bolts
 K - 33 arrows
Armour
 i - a +0 pair of boots (worn)
 k - a +0 helmet (worn)
 G - a +0 buckler (worn)
 L - a +2 cloak (worn)
 R - a +0 ring mail (worn)
Magical Staves
 v - an uncursed staff of conjuration
Jewellery
 o - a +2 ring of intelligence (right hand)
 A - an amulet of the gourmand (around neck)
 O - a ring of protection from cold (left hand)
Wands
 H - a wand of lightning (5/15)
 U - a wand of iceblast (10/15)
Scrolls
 c - a scroll of teleportation
 j - a scroll of enchant armour {unknown}
 n - a scroll of silence {unknown}
 w - a scroll of magic mapping {unknown}
 B - 2 scrolls of recharging
 C - a scroll of identify
 D - a scroll of enchant weapon
 E - a scroll of fear
 S - a scroll of blinking {unknown}
 V - a scroll of remove curse {unknown}
Potions
 e - a potion of degeneration {unknown}
 m - 2 potions of lignification
 p - 2 potions of brilliance
 q - a potion of curing
 t - a potion of berserk rage {unknown}
 M - a potion of flight {unknown}
 P - a potion of heal wounds {unknown}
Comestibles
 f - 7 bread rations
 g - a meat ration


   Skills:
 - Level 6.0 Fighting
 + Level 8.4 Polearms
 + Level 0.0 Slings
 - Level 1.2 Armour
 - Level 2.5 Dodging
 - Level 0.8 Stealth
 - Level 1.1 Shields
 - Level 1.7 Invocations
 - Level 1.1 Evocations


You had 7 spell levels left.
You didn't know any spells.

Dungeon Overview and Level Annotations

Branches:
Dungeon (5/15)             Temple (1/1) D:4

Altars:
Ashenzari
Cheibriados
Dithmenos
Elyvilon
Fedhas
Gozag
Hepliaklqana
Kikubaaqudgha
Makhleb
Nemelex Xobeh
Okawaru
Sif Muna
Trog
Uskayaw
Vehumet
Xom
Zin

Annotations:
D:2 Sigmund
D:4 Execuda's ghost, novice OpTm


Innate Abilities, Weirdness & Mutations

Shadows flee at your approach. (+LOS)
You can swim through water.
You cover ground slowly.
You can hop short distances.


Message History

The worker ant is almost dead.
The worker ant bites you but does no damage.
You completely miss the worker ant.
The worker ant is almost dead.
The worker ant misses you.
You hit the worker ant.
The worker ant is almost dead.
The worker ant misses you.
You closely miss the worker ant.
The worker ant is almost dead.
The worker ant closely misses you.
Save game and exit?
Your Fighting skill increases to level 6!
Your Polearms skill increases to level 8!
Your Stealth skill decreases to level 0!
Your Invocations skill decreases to level 1!
Welcome back, Iskender the Barachian Wanderer.
Cheibriados says: Take it easy.
Press ? for a list of commands and other information.
Are you sure you want to abandon this character and quit the game? (Confirm with "yes".)

# ###....### ######
#.....## # #...###
###### #...# .....##
#...#### ......##
###[....## ####...#
#........<... ##..#
#......a##### ##.#
#..###.@# #.# #..
+..# #.# #.. #..#
#.# #.. ..## #.##
....# # # #..##
..... .### ##
##..####...# .....
.# ##...#....##
#....$ .##
##.........###.....#


You could see a worker ant.

Vanquished Creatures
  Edmund (D:5)
  2 ice beasts (D:5)
  A centaur (D:5)
  3 scorpions
  A howler monkey (D:5)
  2 hounds (D:4)
  An orc priest (D:5)
  2 orc wizards
  3 worker ants
  6 adders
  An ooze (D:3)
  An adder skeleton (D:4)
  3 worms (D:3)
  4 dart slugs
  4 leopard geckos
  20 orcs
  6 giant cockroaches
  9 hobgoblins
  4 jackals (D:4)
  2 quokkas (D:4)
  2 ball pythons
  6 bats
  2 frilled lizards
  5 goblins
  A jackal zombie (D:5)
  6 kobolds
  A quokka skeleton (D:4)
  7 rats
106 creatures vanquished.

Notes
Turn   | Place    | Note
-------+----------+-------------------------------------------
     0 | D:1      | Iskender the Barachian Wanderer began the quest for the Orb.
     0 | D:1      | Iskender set off with: a +2 spear, a +0 mace, a scroll of teleportation, a +0 robe, a bread ration
     0 | D:1      | Reached XP level 1. HP: 21/21 MP: 1/1
    57 | D:1      | Reached skill level 1 in Polearms
   266 | D:1      | Reached XP level 2. HP: 22/27 MP: 2/2
   783 | D:2      | Found a faded altar of an unknown god.
   793 | D:2      | Reached skill level 2 in Polearms
  1044 | D:2      | Noticed Sigmund
  1106 | D:2      | Reached XP level 3. HP: 33/33 MP: 3/3
  1436 | D:3      | Reached skill level 3 in Polearms
  1524 | D:3      | Reached XP level 4. HP: 36/39 MP: 4/4
  1559 | D:3      | Found a shattered altar of Ashenzari.
  1573 | D:3      | Found a deep blue altar of Sif Muna.
  1573 | D:3      | Found a hide-covered altar of Uskayaw.
  1603 | D:3      | Found a snail-covered altar of Cheibriados.
  1858 | D:2      | Found an opulent altar of Gozag.
  1859 | D:2      | Found a sparkling altar of Nemelex Xobeh.
  2812 | D:3      | Reached skill level 4 in Polearms
  2812 | D:3      | Reached XP level 5. HP: 38/44 MP: 5/5
  2848 | D:3      | Found a shattered altar of Ashenzari.
  3116 | D:3      | Became a worshipper of Cheibriados the Contemplative
  3488 | D:4      | Found an iron altar of Okawaru.
  3622 | D:5      | Entered Level 5 of the Dungeon
  3674 | D:4      | Reached XP level 6. HP: 43/51 MP: 7/7
  3810 | D:4      | Noticed Execuda's ghost (novice OpTm)
  4271 | D:4      | Found a staircase to the Ecumenical Temple.
  4276 | Temple   | Entered the Ecumenical Temple
  4594 | D:4      | Found a bloodstained altar of Trog.
  4677 | D:4      | Reached * piety under Cheibriados
  4973 | D:4      | Reached skill level 5 in Polearms
  5141 | D:5      | Reached XP level 7. HP: 47/56 MP: 8/8
  5178 | D:5      | Noticed Edmund
  5204 | D:5      | Reached skill level 6 in Polearms
  5206 | D:5      | Killed Edmund
  5577 | D:5      | Reached skill level 7 in Polearms
  5615 | D:5      | Reached XP level 8. HP: 42/63 MP: 9/9
  6103 | D:5      | Reached ** piety under Cheibriados
  6140 | D:5      | Reached skill level 8 in Polearms
  6140 | D:5      | Reduced skill Invocations to level 1
  6140 | D:5      | Upgraded the game from 0.20-a0-647-gf178af5 to 0.20-a0-772-g73021bd
  6140 | D:5      | Quit the game

Vault maps used:
D:1:      dpeg_arrival_tiny_a
D:2:      grunt_temple_overflow_opulence, chequers_ecumenical_altar_island,
          uniq_sigmund
D:3:      grunt_temple_overflow_cloverleaf, cheibrodos_ashenzari_chains
D:4:      okawaru_ov_weapons_minmay, temple_statues, first_bread,
          roderic_lattice_a, kennysheep_another_room, trog_three_pillars_becter
D:5:      kennysheep_mini_moat, sigmund_army, uniq_edmund
Temple:   jpeg_temple_island

Skill      XL: |  1  2  3  4  5  6  7  8 |
---------------+-------------------------+-----
Polearms       | 1 2 3 4 5 7 8 |  8.4
Invocations    | 2 1 |  1.7
Dodging        | 2 |  2.5
Fighting       | 6 |  6.0
Stealth        | 0 |  0.8
Armour         | |  1.2
Shields        | |  1.1
Evocations     | |  1.1

Action                   |  1- 3 |  4- 6 |  7- 9 || total
-------------------------+-------+-------+-------++-------
Melee: Spear             |   103 |   345 |   107 ||   555
Throw: Stone             |     6 |    14 |       ||    20
       Tomahawk          |       |    12 |    13 ||    25
 Abil: Shaft Self        |     1 |     8 |     6 ||    15
Evoke: Wand              |       |       |     9 ||     9
  Use: Potion            |     1 |     8 |       ||     9
       Scroll            |       |     4 |       ||     4
 Stab: Sleeping          |     2 |     4 |     2 ||     8
  Eat: Chunk             |     3 |     9 |     1 ||    13
       Royal jelly       |       |     2 |       ||     2
       Bread ration      |       |       |     1 ||     1
Armor: Leather armour    |    15 |    54 |     1 ||    70
       Robe              |     1 |       |       ||     1
       Skin              |       |    14 |       ||    14
       Ring mail         |       |       |    24 ||    24
Dodge: Dodged            |    35 |   101 |    29 ||   165
Block: Buckler           |       |    31 |     9 ||    40
